Map: Lightshade LE

Players

BratOK (Brat_OK)

  • Race: Terran Terran
  • League: Grandmaster

HeroMarine - Winner!

  • Race: Terran Terran
  • League: Master

Event: DreamHack SC2 Masters 2021 Summer

VOD

Have the link to the VOD?

Description

Time

  • Played on: May 25, 2021, 12:40 p.m.
  • Length: 4:44

All games in this series

Show
View Real Time Build Order
Export as new Build Order

BratOK Terran 

Build Orders: 1/1/1 

Get SALT Encoding   

  12  0:00  SCV  
  13  0:12  SCV  
  14  0:17  Supply Depot  
  14  0:25  SCV  
  15  0:35  Refinery  
  15  0:39  SCV  
  16  0:47  Barracks  
  16  0:52  Refinery  
  16  0:56  SCV  
  17  1:08  SCV  
  18  1:20  SCV  
  19  1:34  Orbital Command  
  19  1:35  Factory  
  19  1:36  Barracks Tech Lab  
  19  1:53  Supply Depot  
  19  2:00  SCV  
  20  2:01  Barracks Reactor  
  20  2:12  SCV  
  21  2:19  Starport  
  21  2:24  Siege Tank  
  24  2:30  SCV  
  25  2:38  Marine x2, Supply Depot  
  25  2:43  SCV  
  28  2:56  Siege Tank  
  31  2:59  Viking  
  31  3:00  Marine  
  31  3:02  Marine  
  34  3:18  Marine  
  33  3:20  Marine  
  31  3:31  Siege Tank  
  24  3:49  Marine x2  
Show
View Real Time Build Order
Export as new Build Order

HeroMarine Terran - Winner!

Build Orders:  

Get SALT Encoding   

  12  0:00  SCV  
  13  0:12  SCV  
  14  0:17  Supply Depot  
  14  0:24  SCV  
  15  0:38  SCV  
  15  0:39  Barracks  
  16  0:42  Refinery  
  16  0:51  SCV  
  16  0:52  Refinery  
  17  1:03  SCV  
  18  1:15  SCV  
  19  1:26  Reaper  
  19  1:27  Orbital Command  
  19  1:28  Supply Depot  
  20  1:41  Factory  
  20  1:53  SCV, Bunker  
  21  1:59  Reaper  
  22  2:05  SCV  
  23  2:17  SCV  
  24  2:25  Hellion  
  24  2:29  SCV  
  27  2:31  Reaper  
  28  2:38  Supply Depot  
  28  2:43  SCV  
  29  2:46  Hellion  
  29  2:48  Starport  
  31  2:58  Supply Depot  
  31  3:00  SCV  
  31  3:03  Marine  
  32  3:09  Factory Tech Lab  
  32  3:12  SCV  
  33  3:21  Marine  
  33  3:24  SCV  
  35  3:30  Viking, Siege Tank  
  40  3:38  SCV  
  40  3:40  Marine  
  42  3:52  Supply Depot  
  42  3:53  Supply Depot  
  42  3:54  Supply Depot  
  39  4:14  SCV, Viking  
  45  4:23  Marine  
  45  4:26  SCV  
Tags
 
Add a new tag
Caveats
  • Supply blocks, unpowered buildings, or Contaminate may cause inaccurate times.
  • Supply counts are checked every 10 seconds.